 Dungeon Crawl Stone Soup version 0.21-a0-91-ga5031da (webtiles) character file.

744 KristoblXynda the Slasher (level 7, 0/85 HPs)
             Began as a Grey Draconian Berserker on June 29, 2017.
             Was a Believer of Trog.
             Killed by Olgreb's Toxic Radiance
             ... invoked by Gorglomux's ghost
              (4 damage)
             ... on level 5 of the Dungeon.
             The game lasted 00:05:07 (3355 turns).

KristoblXynda the Slasher (DrBe)                    Turns: 3355, Time: 00:05:07

Health: 0/85       AC: 14    Str: 25    XL:     7   Next: 47%
Magic:  7/7        EV: 14    Int: 12    God:    Trog [**....]
Gold:   138        SH:  0    Dex: 11    Spells: 6/6 levels left

rFire    + . .     SeeInvis .   t - -2 falchion (curse)
rCold    . . .     Gourm    .   (no shield)
rNeg     . . .     Faith    .   (armour unavailable)
rPois    .         Spirit   .   (helmet restricted)
rElec    .         Reflect  .   (no cloak)
rCorr    .         Harm     .   o - +1 pair of gloves
MR       ++...                  n - +0 pair of boots
Stlth    ..........             (no amulet)
HPRegen  1.24/turn              p - ring of protection from fire
MPRegen  0.10/turn              k - +4 ring of intelligence

@: berserking (expiring), lethally poisoned (0 -> -3), regenerating, very quick
A: walk through water, unfitting armour, unbreathing, cold-blooded, AC +11
a: Berserk, Trog's Hand, Burn Spellbooks, Renounce Religion


You were on level 5 of the Dungeon.
You worshipped Trog.
Trog was pleased with you.
You were very hungry.

You visited 1 branch of the dungeon, and saw 5 of its levels.

You collected 138 gold pieces.

Inventory:

Hand Weapons
 a - a +0 falchion
 t - a cursed -2 falchion (weapon)
Missiles
 g - 4 javelins of returning (quivered)
 s - 6 javelins
Armour
 n - a +0 pair of boots (worn)
 o - a +1 pair of gloves (worn)
Jewellery
 k - a +4 ring of intelligence (right hand)
 p - a ring of protection from fire (left hand)
Scrolls
 c - 2 scrolls of enchant weapon
 d - a scroll of identify
 f - a scroll of amnesia
 j - 4 scrolls of immolation
Potions
 e - 2 potions of heal wounds {unknown}
 i - a potion of curing {unknown}
 l - 2 potions of ambrosia
 m - a potion of flight {unknown}
 q - a potion of mutation {unknown}
Comestibles
 b - a bread ration
 h - 3 chunks of flesh


   Skills:
 - Level 3.2 Fighting
 * Level 6.8 Long Blades
 + Level 4.5 Dodging
 + Level 3.7 Stealth


You had 6 spell levels left.
You didn't know any spells.

Dungeon Overview and Level Annotations

Branches:
Dungeon (5/15)             Temple (0/1) D:5

Altars:
Nemelex Xobeh
Zin

Shops:
D:2 *

Annotations:
D:5 Gorglomux's ghost, novice OpVM


Innate Abilities, Weirdness & Mutations

You can walk through water.
Your dull iron-grey scales are very hard. (AC +11)
You cannot fit into any form of body armour.
You can survive without breathing.
You are cold-blooded and may be slowed by cold attacks.


Message History

Your tail-slap misses Gorglomux's ghost.
Gorglomux's ghost is heavily damaged.
You feel sick.
* * * LOW HITPOINT WARNING * * *
You are more poisoned.
Gorglomux's ghost stares at you and mumbles some strange words.
The sting hits you!
You are more poisoned.
* * * LOW HITPOINT WARNING * * *
You are too berserk!
Unknown command.
You hit Gorglomux's ghost.
Gorglomux's ghost is heavily damaged.
* * * LOW HITPOINT WARNING * * *
You feel sick.
You closely miss Gorglomux's ghost.
Your tail-slap misses Gorglomux's ghost.
Gorglomux's ghost is heavily damaged.
You feel sick.
You die...

*.#########.# ******** *,* #.#
*,,,,,,, *,* #.# *,******
*,**#######.# ***,******
*,*,........# *,,,,,,,,,
*,*,#######.# **,*,**,,,,
*,*,#######.# ****.,,,**,***
*,,,.......)#######....,****,*
**,>.....^.....@Wh..#*,*****,*
*,,#####.#.#####5.....,,,,*,*
*,,* ###.#*,,,,###.#***,*,*
*,,* #..,,*,,* *,,,,,,,,*
**,,* ###*,,,,***,****+****
*,,,* **,*,,,,,*≈≈≈,≈≈≈*
*,*,** *,***,***≈**,**≈*
*,,,,** *,* *,* *≈*,*,*≈*
*,,,,,**** *,* *,* *≈,***,≈*


You could see Gorglomux's ghost, a shadow imp and a jackal.

Vanquished Creatures
  Grinder (D:4)
  Duvessa (D:4)
  An ogre (D:5)
  Dowan (D:4)
  A scorpion (D:4)
  An orc priest (D:4)
  A centaur skeleton (D:4)
  Natasha (D:4)
  3 orc wizards
  A worker ant (D:4)
  3 adders (D:2)
  2 oozes
  An adder skeleton (D:5)
  A dart slug (D:3)
  A leopard gecko (D:3)
  6 orcs
  A ball python (D:4)
  2 giant cockroaches
  7 goblins
  4 hobgoblins
  A jackal (D:5)
  2 quokkas
  4 bats
  5 frilled lizards
  7 kobolds
  7 rats
66 creatures vanquished.

Notes
Turn   | Place    | Note
-------+----------+-------------------------------------------
     0 | D:1      | KristoblXynda the Draconian Berserker began the quest for the Orb.
     0 | D:1      | Reached XP level 1. HP: 19/19 MP: 1/1
   173 | D:1      | Reached skill level 1 in Stealth
   389 | D:1      | You fall through a shaft!
   438 | D:2      | Reached XP level 2. HP: 3/26 MP: 2/2
   752 | D:2      | Found Zin's Purification Station.
   755 | D:2      | Found a glowing silver altar of Zin.
  1481 | D:1      | Reached XP level 3. HP: 31/31 MP: 3/3
  1671 | D:2      | Reached ** piety under Trog
  1766 | D:2      | Reached skill level 4 in Long Blades
  1856 | D:3      | Reached XP level 4. HP: 38/38 MP: 4/4
  2227 | D:3      | Found a sparkling altar of Nemelex Xobeh.
  2481 | D:4      | Reached XP level 5. HP: 45/45 MP: 5/5
  2578 | D:4      | Reached skill level 5 in Long Blades
  2628 | D:4      | Noticed Dowan
  2630 | D:4      | Noticed Duvessa
  2639 | D:4      | Killed Duvessa
  2639 | D:4      | Reached XP level 6. HP: 51/51 MP: 6/6
  2653 | D:4      | Killed Dowan
  2925 | D:4      | Noticed Natasha
  2933 | D:4      | Killed Natasha
  3196 | D:4      | Noticed Grinder
  3202 | D:4      | Reached skill level 6 in Long Blades
  3221 | D:4      | Killed Grinder
  3221 | D:4      | Your scales start taking on a dull iron-grey colour.
  3221 | D:4      | Reached XP level 7. HP: 57/57 MP: 7/7
  3221 | D:4      | Gained mutation: You can survive without breathing. [Grey Draconian growth]
  3302 | D:5      | Entered Level 5 of the Dungeon
  3333 | D:5      | Noticed Gorglomux's ghost (novice OpVM)
  3354 | D:5      | HP: 4/85 [poisoned by Gorglomux's ghost (sting)]
  3355 | D:5      | Killed from afar by Gorglomux's ghost

Vault maps used:
D:1:      dpeg_arrival_ratfight
D:2:      zin_purify
D:3:      overflow_temple_1_default
D:4:      first_bread, uniq_duvessa, uniq_grinder, uniq_natasha
D:5:      minmay_temple_entry_grid, kennysheep_generic_room_9

Skill      XL: |  1  2  3  4  5  6 |
---------------+-------------------+-----
Stealth        | 1 2 3 |  3.7
Dodging        | 3 4 |  4.5
Long Blades    | 4 5 6 |  6.8
Fighting       | |  3.2

Action                   |  1- 3 |  4- 6 |  7- 9 || total
-------------------------+-------+-------+-------++-------
Melee: Falchion          |    99 |   109 |    28 ||   236
       Tailslap          |    12 |    18 |     5 ||    35
Invok: Berserk           |     1 |     3 |     1 ||     5
       Trog's Hand       |       |       |     1 ||     1
  Use: Scroll            |       |     8 |     1 ||     9
 Stab: Sleeping          |       |     2 |     1 ||     3
  Eat: Chunk             |     3 |     2 |     2 ||     7
       Bread ration      |       |     1 |       ||     1
Armor: Skin              |    22 |    26 |     6 ||    54
Dodge: Dodged            |    63 |    84 |    14 ||   161
       Rpst.: Falchion   |    18 |    25 |     4 ||    47
